 Dungeon Crawl Stone Soup version 0.31.0-11-ge490571c62 (webtiles) character file.

Game seed: 7904420698519518619

404 Ofeo the Shooter (level 6, 0/47 HPs)
             Began as a Barachi Hunter on Jan 27, 2024.
             Slain by a centaur zombie (1 damage)
             ... in an ossuary.
             The game lasted 00:04:27 (3021 turns).

Ofeo the Shooter (Barachi Hunter)                   Turns: 3021, Time: 00:04:27

Health: 0/47       AC:  5    Str: 13    XL:     6   Next: 86%
Magic:  6/6        EV: 12    Int:  9    God:
Gold:   36         SH:  0    Dex: 17    Spells: 5/5 levels left

rFire   . . .        a - +0 shortbow
rCold   . . .        (shield currently unavailable)
rNeg    . . .        c - +0 leather armour
rPois   .            (no helmet)
rElec   .            g - +1 cloak
rCorr   .            (no gloves)
SInv    .            (no boots)
Will    .....        (no amulet)
Stlth   ++           (no ring)
HPRegen 0.27/turn    (no ring)
MPRegen 0.10/turn

%: no passive effects
@: unable to hop, silenced, slow
A: amphibious, slowness 1, strong legs 1, +LOS
a: Hop


You were in an ossuary.
You visited 1 branch of the dungeon, and saw 4 of its levels.
You also visited: Ossuary.

You collected 118 gold pieces.
You spent 82 gold pieces at shops.

Inventory:

Hand Weapons
 a - a +0 shortbow (weapon)
Armour
 c - a +0 leather armour (worn)
 g - a +1 cloak (worn)
Jewellery
 k - a ring of ice
Talismans
 f - a beast talisman
Wands
 n - a wand of flame (10)
Scrolls
 b - a scroll of butterflies
 h - a scroll of fog
 i - 3 scrolls of identify {@r1}
 l - a scroll of enchant weapon


   Skills:
 - Level 3.0 Fighting
 + Level 7.5 Ranged Weapons
 - Level 2.7 Dodging
 - Level 1.6 Stealth


You had 5 spell levels left.
You didn't know any spells.
Your spell library contained the following spells:

 Spells                   Type           Power      Damage    Failure   Level
 Freeze                   Ice            0%         1d3       45%         1
 Blink                    Tloc           0%         N/A       61%         2
 Lesser Beckoning         Tloc           0%         N/A       61%         2
 Momentum Strike          Conj/Tloc      0%         3d8       61%         2
 Frozen Ramparts          Ice            0%         1d1       83%         3
 Hailstorm                Conj/Ice       0%         3d5       83%         3


Dungeon Overview and Level Annotations

Branches:
Dungeon (4/15)            Ossuary (1/1)
 Temple: D:4-7

Altars:

Shops:
D:2 (   D:3 *


Innate Abilities, Weirdness & Mutations

You are amphibious.
You cover ground slowly.
You can hop short distances.
You have an extended range of vision and can be seen from far away.


Message History

Hop to where?
Press: ? - help, Dir - move target, p - water moccasin zombie Boing!
Fire: a) +0 shortbow
Press: ? - help, Q - select action, (/) - cycle Shift-Dir - straight line, f - centaur zombie
Aim: a centaur zombie (silenced, 90% to hit)
You shoot an arrow. The arrow hits the centaur zombie!
The centaur zombie is moderately damaged.
The centaur zombie hits you.
* * * LOW HITPOINT WARNING * * *
The centaur zombie closely misses you.
You take 4 damage, and have 4/47 hp.
Fire: a) +0 shortbow
Press: ? - help, Q - select action, (/) - cycle Shift-Dir - straight line, f/p - centaur zombie
Aim: a centaur zombie (silenced, moderately damaged, 90% to hit)
You shoot an arrow. The arrow hits the centaur zombie!
The centaur zombie is heavily damaged.
The centaur zombie hits you.
* * * LOW HITPOINT WARNING * * *
The centaur zombie kicks you but does no damage.
You take 2 damage, and have 2/47 hp.
You shoot an arrow.
The arrow hits the water moccasin zombie!
You destroy the water moccasin zombie!
The centaur zombie hits you.
* * * LOW HITPOINT WARNING * * *
The centaur zombie barely misses you.
You aren't carrying any potions.
Magic scrolls do not work when you're silenced!
Fire: a) +0 shortbow
Press: ? - help, Q - select action, (/) - cycle Shift-Dir - straight line, f - centaur zombie
Aim: a centaur zombie (silenced, heavily damaged, 90% to hit)
You shoot an arrow.
The arrow barely misses the centaur zombie.
The arrow hits the adder zombie.
The adder zombie is moderately damaged.
The centaur zombie hits you.
* * * LOW HITPOINT WARNING * * *
The centaur zombie kicks you.
You die...

########## #########
##........# #........
##.........###........
##...........'.........
#............'.........
#....8.......'.......8.
#...8#8....#####....8#8
#....8...### ###...8.
#...ZZ@.## ##....
#......## ##...
#......# #... #.....##
##.. ###...# #.. #'''#
#'' ###...# #.. #.....#
##.. #......# #...


You could see an adder zombie and a centaur zombie.

Vanquished Creatures
  3 water moccasin zombies (Ossuary)
  2 centaur zombies (Ossuary)
  An orc priest (D:3)
  A scorpion zombie (Ossuary)
  An ogre zombie (Ossuary)
  3 adders (D:2)
  2 adder zombies (Ossuary)
  2 dart slugs
  8 orcs (D:3)
  6 ball pythons
  2 endoplasms (D:2)
  A gnoll zombie (Ossuary)
  2 hobgoblins
  A quokka (D:1)
  4 bats (D:2)
  3 frilled lizards (D:1)
  3 goblins
  2 goblin zombies (Ossuary)
  3 hobgoblin zombies (Ossuary)
  4 kobolds
  5 orc zombies (Ossuary)
  12 rats
71 creatures vanquished.

Notes
Turn   | Place    | Note
-------+----------+-------------------------------------------
     0 | D:1      | Ofeo the Barachi Hunter began the quest for the Orb.
     0 | D:1      | Reached XP level 1. HP: 17/17 MP: 1/1
   115 | D:1      | Reached skill level 1 in Stealth
   215 | D:1      | Reached XP level 2. HP: 23/23 MP: 2/2
   783 | D:2      | Reached XP level 3. HP: 29/29 MP: 3/3
  1283 | D:2      | Found Lafemusk's Antique Weapon Boutique.
  1361 | D:2      | Reached XP level 4. HP: 10/35 MP: 4/4
  1826 | D:3      | Reached skill level 5 in Ranged Weapons
  1970 | D:3      | Found Rimousat's General Store.
  1986 | D:3      | Bought a scroll of enchant weapon for 82 gold pieces
  2363 | D:3      | You fall into a shaft and drop 1 floor!
  2485 | D:4      | Found a sand-covered staircase.
  2492 | Ossuary  | Entered an ossuary
  2500 | Ossuary  | Reached XP level 5. HP: 37/41 MP: 5/5
  2584 | Ossuary  | Reached skill level 6 in Ranged Weapons
  2603 | Ossuary  | Reached XP level 6. HP: 11/47 MP: 6/6
  2986 | Ossuary  | Reached skill level 7 in Ranged Weapons
  3019 | Ossuary  | HP: 2/47 [centaur zombie (2)]
  3021 | Ossuary  | Slain by a centaur zombie

Illustrated notes

Levels and vault maps discovered:
D:1:      dpeg_arrival_snail, layout_rooms
D:2:      layout_loops_corners, serial_shops, nicolae_shop_tiny_real_fake_doors,
          dk_noncrumbling_3, chequers_serial_rivers_micro_b,
          minmay_rat_gold_closets
D:3:      layout_basic, serial_shops, shop, portal_sewer_entry_a
D:4:      layout_loops_ring, enter_ossuary_4
Ossuary:  ossuary_hellmonk_silent_tomb

Skill      XL: |  1  2  3  4  5  6 |
---------------+-------------------+-----
Stealth        | 1 |  1.6
Fighting       | 3 |  3.0
Ranged Weapons | 5 6 7 |  7.5
Dodging        | |  2.7

Action                     |  1- 3 |  4- 6 || total
---------------------------+-------+-------++-------
  Melee: Shortbow          |       |     1 ||     1
   Fire: Shortbow          |   117 |   170 ||   287
Ability: Hop               |       |     3 ||     3
  Evoke: Wand              |       |     4 ||     4
    Use: Potion            |       |     2 ||     2
         Scroll            |       |     4 ||     4
 Armour: Leather armour    |    22 |   156 ||   178
  Dodge: Dodged            |    37 |   135 ||   172
